 Dungeon Crawl Stone Soup version 0.32-a0-975-g85d4e5bfdb (webtiles) character file.

Game seed: 11365903901168591747

375 Cancer the Changeling (level 6, -1/38 HPs)
             Began as an Octopode Shapeshifter on Apr 18, 2024.
             Slain by a killer bee (8 damage)
             ... on level 4 of the Dungeon on Apr 19, 2024.
             The game lasted 00:07:09 (3357 turns).

Cancer the Changeling (Octopode Shapeshifter)       Turns: 3357, Time: 00:07:11

Health: -1/38      AC:  1    Str: 15    XL:     6   Next: 73%
Magic:  6/6        EV: 12    Int: 13    God:
Gold:   199        SH:  0    Dex: 11    Spells: 5/5 levels left

rFire   . .          .
                       - Unarmed
rCold   . . .        (no shield)
rNeg    . . .        (helmet currently unavailable)
rPois   .            (no amulet)
rElec   .            m - ring of see invisible
rCorr   .            (no ring)
SInv    +            (no ring)
Will    .....        (no ring)
Stlth   +++          (no ring)
HPRegen 0.26/turn    (no ring)
MPRegen 0.10/turn    (no ring)
                     (no ring)

%: no passive effects
@: lethally poisoned (-1 -> -11), beast-form
A: beast (slay +3), almost no armour, amphibious, 8 rings, camouflage 1,
gelatinous body 1, (nimble swimmer 1), tentacles
a: Begin Untransformation


You were on level 4 of the Dungeon.
You were a hulking beast.
You visited 1 branch of the dungeon, and saw 4 of its levels.
You also visited: Sewer.

You collected 199 gold pieces.

Inventory:

Magical Staves
 p - a staff of air
Jewellery
 m - a ring of see invisible (left tentacle)
Talismans
 b - a beast talisman (active)
 c - a flux talisman
Scrolls
 f - 2 scrolls of poison {unknown}
 h - a scroll of teleportation {unknown}
 j - a scroll of identify {unknown}
 k - a scroll of immolation {unknown}
 n - 2 scrolls of torment {unknown}
 o - a scroll of enchant weapon {unknown}
 r - a scroll of blinking
Potions
 a - 4 potions of lignification
 d - a potion of enlightenment {unknown}
 e - 3 potions of brilliance {unknown}
 g - 2 potions of cancellation {unknown}
 i - a potion of curing {unknown}
 l - a potion of heal wounds {unknown}
 q - a potion of attraction {unknown}


   Skills:
 - Level 1.0 Fighting
 - Level 2.0 Dodging
 - Level 3.0 Stealth
 - Level 3.0 Unarmed Combat
 + Level 6.5 Shapeshifting


You had 5 spell levels left.
You didn't know any spells.
Your spell library contained the following spells:

 Spells                   Type           Power      Damage    Failure   Level
 Sandblast                Erth           0%         2d4       30%         1
 Jinxbite                 Hex            0%         N/A       43%         2
 Passwall                 Erth           0%         N/A       67%         3
 Stone Arrow              Conj/Erth      0%         3d7       67%         3
 Yara's Violent Unravell  Hex/Alch       0%         3d3       100%        5
 Enfeeble                 Hex            0%         N/A       100%        7


Dungeon Overview and Level Annotations

Branches:
Dungeon (4/15)              Sewer (visited)
 Temple: D:4-7

Altars:
Cheibriados
Gozag
Nemelex Xobeh
Uskayaw
Vehumet

Annotations:
D:3 fly, Natasha


Innate Abilities, Weirdness & Mutations

You are a hulking beast.
Your limbs bulge with bestial killing power. (Slay +3)
You cannot wear most types of armour.
You are amphibious.
You can wear up to eight rings at the same time.
Your skin changes colour to match your surroundings (Stealth+).
Your rubbery body absorbs attacks. (AC +1, EV +1)
((You are camouflaged when in or above water. (Stealth+)))
You have tentacles for arms and can constrict up to eight enemies at once.


Message History

You tentacle-slap the scorpion.
The scorpion is severely wounded.
You constrict the scorpion. The scorpion closely misses you.
You tentacle-slap the scorpion.
The scorpion is almost dead.
You constrict the scorpion.
You kill the scorpion! 2 killer bees come into view.
Found 7 gold pieces.
The killer bee buzzes angrily.
You hear an angry buzzing noise. x2
A killer bee comes into view.
The killer bee moves out of view.
The killer bee closely misses you.
You barely miss the killer bee. Your grab misses the killer bee.
Your squeeze misses the killer bee. The killer bee stings you.
You are poisoned.
The killer bee poisons you!
You tentacle-slap the killer bee. Your grab misses the killer bee.
Your squeeze misses the killer bee.
The killer bee is moderately wounded.
You feel very sick. The killer bee completely misses you.
The killer bee closely misses you.
You tentacle-slap the killer bee. You grab the killer bee.
The killer bee is heavily wounded.
You constrict the killer bee.
You feel sick. The killer bee stings you!
You are lethally poisoned!
The killer bee poisons you! The killer bee barely misses you.
You tentacle-slap the killer bee.
The killer bee is severely wounded.
You constrict the killer bee.
* * * LOW HITPOINT WARNING * * *
You feel very sick. The killer bee closely misses you.
The killer bee misses you.
You tentacle-slap the killer bee.
You kill the killer bee!
* * * LOW HITPOINT WARNING * * *
You feel very sick.
A killer bee comes into view.
The killer bee stings you!
You die...

....... ..# ...$..
#.# ###...y #.####
#...... #.. .#
....... #.##.##
......y#####.#...##
#.......y....#
.####
#...####y#..###....
#.. #h##..#..# ...
#.###.†.# ... #.#
##†########
##########.##
#......... #
..........#
#.######## #.
#≈~≈≈~##.# #.#
#.##~~~~≈##.# #.#
#~~~.....≈≈.# #)#
#.~≈.....~~.###.#


You could see 2 killer bees.

Vanquished Creatures
  2 bullfrogs (Sewer)
  A scorpion (D:4)
  A killer bee (D:4)
  Terence (D:3)
  4 adders
  4 ribbon worms
  6 dart slugs
  An orc (D:4)
  10 ball pythons
  4 bats
  6 endoplasms
  14 giant cockroaches
  5 goblins
  3 hobgoblins
  7 jackals
  11 kobolds
  4 quokkas
  11 frilled lizards
  A rat (D:3)
96 creatures vanquished.

Notes
Turn   | Place    | Note
-------+----------+-------------------------------------------
     0 | D:1      | Cancer the Octopode Shapeshifter began the quest for the
                  | Orb.
     0 | D:1      | Reached XP level 1. HP: 13/13 MP: 1/1
    29 | D:1      | Reached skill level 1 in Stealth
    37 | D:1      | Reached XP level 2. HP: 9/18 MP: 2/2
   424 | D:1      | Reached XP level 3. HP: 19/23 MP: 3/3
   601 | D:1      | Found a faded altar of an unknown god.
  1141 | D:2      | Found a sparkling altar of Nemelex Xobeh.
  1635 | D:3      | Reached skill level 4 in Shapeshifting
  1648 | D:3      | Reached XP level 4. HP: 28/28 MP: 4/4
  1649 | D:3      | Noticed Natasha
  1687 | D:3      | Found an opulent altar of Gozag.
  1913 | D:3      | Found a snail-covered altar of Cheibriados.
  1998 | D:3      | Found a hide-covered altar of Uskayaw.
  2397 | D:3      | Found a radiant altar of Vehumet.
  2458 | D:3      | Noticed Terence
  2500 | D:3      | Killed Terence
  2670 | D:3      | Reached XP level 5. HP: 33/33 MP: 5/5
  2902 | D:4      | Found a glowing drain.
  2925 | Sewer    | Entered a sewer
  3011 | Sewer    | Reached skill level 5 in Shapeshifting
  3068 | Sewer    | Reached skill level 6 in Shapeshifting
  3068 | Sewer    | Reached XP level 6. HP: 5/38 MP: 6/6
  3357 | D:4      | Slain by a killer bee

Illustrated notes

Levels and vault maps discovered:
D:1:      minmay_arrival_plants_in_alcoves, layout_basic,
          ebering_ecumenical_altar_rust, minmay_pentomino_z4
D:2:      layout_basic, basic_altar
D:3:      layout_basic, nicolae_gozag_cash_rules_everything_around_me,
          general_overflow_altar, cheibrodos_worm_habitat, vehumet_crystals,
          guppyfry_early_lair_pool, uniq_terence, uniq_natasha
D:4:      layout_loops_ring, cheibrodos_sewer_entry_sluice, enter_ossuary_3

Skill      XL: |  1  2  3  4  5 |
---------------+----------------+-----
Stealth        | 1 2 3 |  3.0
Shapeshifting  | 4 6 |  6.5
Fighting       | |  1.0
Dodging        | |  2.0
Unarmed Combat | |  3.0

Action                     |  1- 3 |  4- 6 || total
---------------------------+-------+-------++-------
  Melee: Unarmed           |    53 |   101 ||   154
         Constrict         |    18 |    35 ||    53
         Tentacles         |    12 |    21 ||    33
         Punch             |     1 |     4 ||     5
   Stab: Sleeping          |     9 |    12 ||    21
 Armour: Skin              |    18 |    51 ||    69
  Dodge: Dodged            |    21 |    57 ||    78

Table legend: (Time is in decaauts)
 A = Elapsed time spent in this place.
 B = Non-inter-level travel time spent in this place.
 C = Inter-level travel time spent in this place.
 D = Time resting spent in this place.
 E = Time spent auto-exploring this place.
 F = Levels seen in this place.
 G = Mean time per level.
                   A        B        C        D        E       F      G
               +--------+--------+--------+--------+--------+-----+--------+
         Total |   3347 |   3141 |    206 |    155 |   2197 |   5 |  669.4 |
       Dungeon |   2959 |   2753 |    206 |     42 |   2146 |   4 |  739.8 |
         Sewer |    388 |    388 |      0 |    113 |     51 |   1 |  388.0 |
               +--------+--------+--------+--------+--------+-----+--------+

Top non-repeatable levels by time:
     D:3: 1229 daAuts
     D:1: 844 daAuts
     D:2: 814 daAuts
   Sewer: 388 daAuts
     D:4: 71 daAuts
